 Dungeon Crawl Stone Soup version 0.21.1-1-g345015fe64 (webtiles) character file.

646 NullDivider the Ducker (level 7, -4/36 HPs)
             Began as a Spriggan Artificer on May 10, 2018.
             Was an Initiate of Gozag.
             Slain by an iguana (11 damage)
             ... on level 5 of the Dungeon.
             The game lasted 00:20:57 (6728 turns).

NullDivider the Ducker (Spriggan Artificer)         Turns: 6728, Time: 00:20:58

Health: -4/36      AC:  2    Str:  8    XL:     7   Next: 27%
Magic:  11/11      EV: 21    Int: 12    God:    Gozag
Gold:   359        SH:  0    Dex: 19    Spells: 6/6 levels left

rFire    + . .     SeeInvis +   a - +0 short sword
rCold    + . .     Gourm    .   (shield restricted)
rNeg     . . .     Faith    .   b - +0 robe
rPois    .         Spirit   .   (helmet restricted)
rElec    .         Reflect  .   (no cloak)
rCorr    .         Harm     .   (gloves unavailable)
MR       +....                  (boots unavailable)
Stlth    +++.......             (no amulet)
HPRegen  0.12/turn              r - ring of protection from fire
MPRegen  0.12/turn              m - ring of protection from cold

@: very quick
A: very small, unfitting armour, see invisible, herbivore, speed 3, slow
metabolism 2
a: Potion Petition, Call Merchant, Bribe Branch, Renounce Religion


You were on level 5 of the Dungeon.
You worshipped Gozag.
Gozag was aware of your devotion.
You were near starving.

You visited 2 branches of the dungeon, and saw 6 of its levels.

You collected 414 gold pieces.
You paid 55 gold pieces to Gozag.

Inventory:

Hand Weapons
 a - a +0 short sword (weapon)
Armour
 b - a +0 robe (worn)
Jewellery
 g - a cursed amulet of harm {unknown}
 m - a ring of protection from cold (right hand)
 o - an uncursed ring of magical power
 r - a ring of protection from fire (left hand)
Wands
 d - a wand of enslavement (10)
Scrolls
 i - 2 scrolls of remove curse {unknown}
 k - 2 scrolls of magic mapping {unknown}
 l - 3 scrolls of random uselessness {unknown}
 n - 3 scrolls of identify {unknown}
 p - a scroll of teleportation {unknown}
 q - a scroll of amnesia {unknown}
 s - a scroll of immolation {unknown}
Potions
 e - a potion of agility {unknown}
 h - 2 potions of flight {unknown}
 j - 2 potions of brilliance {unknown}
 t - 2 potions of berserk rage {unknown}
Comestibles
 f - 8 rations


   Skills:
 * Level 3.5 Fighting
 * Level 4.8 Short Blades
 + Level 5.1 Dodging
 + Level 5.0 Stealth
 - Level 5.0 Evocations


You had 6 spell levels left.
You didn't know any spells.

Dungeon Overview and Level Annotations

Branches:
Dungeon (5/15)             Temple (1/1) D:4

Altars:
Ashenzari
Dithmenos
Fedhas
Gozag
Hepliaklqana
Kikubaaqudgha
Makhleb
Nemelex Xobeh
Okawaru
Qazlal
Ru
Sif Muna
Uskayaw
Vehumet
Wu Jian
Xom
Yredelemnul
Zin
The Shining One


Innate Abilities, Weirdness & Mutations

You are very small and have problems with some larger weapons.
You are too small for most types of armour.
You have supernaturally acute eyesight. (SInv)
You are a herbivore.
You cover ground extremely quickly.
You need consume almost no food.


Message History

You are too injured to fight recklessly!
You are too injured to fight recklessly!
You are too injured to fight recklessly!
You are too injured to fight recklessly!
You are too injured to fight recklessly!
You are too injured to fight recklessly!
You are too injured to fight recklessly!
You are too injured to fight recklessly!
You hit the iguana but do no damage.
The iguana is severely wounded.
The iguana bites you!
* * * LOW HITPOINT WARNING * * *
You hit the iguana but do no damage.
The iguana is severely wounded.
The iguana completely misses you.
You hit the iguana.
The iguana is almost dead.
The iguana bites you!
You die...
Your body crumbles into a pile of gold.

#...## ###.....#
##...## ##......##
##...# #........#
###..## #........#
##.....###........##
........##.........#
..................##
.....####.........#
###...# ##.....l@##
###.# ##...#### ###
##.....##
###...#...###
##.....###...##
##......# ##...#
#####.......###....##
............#.......#
...........##.......##


You could see an iguana.

Vanquished Creatures
  Menkaure (D:4)
  2 ogres (D:4)
  A hound (D:5)
  An orc wizard (D:4)
  2 iguanas
  4 worker ants
  2 gnolls
  An adder (D:4)
  A shadow imp (D:5)
  An ooze (D:4)
  4 worms (D:3)
  2 dart slugs (D:1)
  2 leopard geckos
  5 orcs
  7 bats
  2 giant cockroaches (D:3)
  9 goblins
  10 hobgoblins
  3 jackals (D:5)
  6 kobolds
  A ball python (D:3)
  5 frilled lizards
  4 rats
76 creatures vanquished.

Vanquished Creatures (collateral kills)
  2 gnolls (D:4)
  An orc (D:4)
  2 jackals (D:2)
  A kobold (D:2)
6 creatures vanquished.

Vanquished Creatures (others)
  A gnoll shaman (D:4)
  An orc wizard (D:4)
  2 gnolls (D:2)
4 creatures vanquished.

Grand Total: 86 creatures vanquished

Notes
Turn   | Place    | Note
-------+----------+-------------------------------------------
     0 | D:1      | NullDivider the Spriggan Artificer began the quest for the Orb.
     0 | D:1      | Reached XP level 1. HP: 9/9 MP: 4/4
   100 | D:1      | Reached skill level 1 in Fighting
   403 | D:1      | Reached XP level 2. HP: 12/14 MP: 6/6
   979 | D:1      | Reached XP level 3. HP: 18/18 MP: 7/7
  2750 | D:3      | Reached XP level 4. HP: 6/23 MP: 8/8
  4067 | D:4      | Found a staircase to the Ecumenical Temple.
  4067 | D:4      | Noticed an ogre
  4323 | Temple   | Entered the Ecumenical Temple
  4417 | Temple   | Became a worshipper of Gozag Ym Sagoz the Greedy
  4500 | D:4      | Killed an ogre
  4500 | D:4      | Reached XP level 5. HP: 27/27 MP: 9/9
  4580 | D:4      | Noticed Menkaure
  4585 | D:4      | Killed Menkaure
  4585 | D:4      | Reached skill level 5 in Evocations
  4585 | D:4      | Reached XP level 6. HP: 32/32 MP: 10/10
  5471 | D:3      | Reached XP level 7. HP: 14/36 MP: 11/11
  5682 | D:4      | Reached skill level 5 in Dodging
  5916 | D:5      | Entered Level 5 of the Dungeon
  6415 | D:5      | Reached skill level 5 in Stealth
  6728 | D:5      | Slain by an iguana

Skill      XL: |  1  2  3  4  5  6  7 |
---------------+----------------------+-----
Fighting       | 1 2 3 |  3.5
Stealth        | 2 3 4 5 |  5.0
Short Blades   | 2 3 4 |  4.8
Dodging        | 4 5 |  5.1
Evocations     | 5 |  5.0

Action                   |  1- 3 |  4- 6 |  7- 9 || total
-------------------------+-------+-------+-------++-------
Melee: Short sword       |   142 |   124 |    87 ||   353
Evoke: Wand              |     3 |    28 |     4 ||    35
 Stab: Sleeping          |     8 |     5 |     5 ||    18
  Eat: Ration            |       |     1 |       ||     1
Armor: Robe              |    10 |     4 |     4 ||    18
Dodge: Dodged            |    94 |   110 |    61 ||   265
